 Dungeon Crawl Stone Soup version 0.29.1-12-g30fa7ad0bf (webtiles) character file.

Game seed: 6185719130612752791

415 Descartes the Shield-Bearer (level 7, 0/55 HPs)
             Began as a Formicid Fighter on Dec 18, 2022.
             Succumbed to an orc wizard's poison
             ... on level 5 of the Dungeon.
             The game lasted 00:06:07 (3761 turns).

Descartes the Shield-Bearer (Formicid Fighter)      Turns: 3761, Time: 00:06:07

Health: 0/55       AC: 12    Str: 21    XL:     7   Next: 15%
Magic:  6/7        EV: 10    Int:  9    God:
Gold:   143        SH:  5    Dex: 13    Spells: 6/6 levels left

rFire   . . .      SeeInvis +   a - +0 war axe
rCold   . . .      Faith    .   c - +0 buckler
rNeg    . . .      Spirit   +   r - +0 plate armour
rPois   .          Reflect  .   (helmet unavailable)
rElec   .          Harm     .   (no cloak)
rCorr   .          Rampage  .   (no gloves)
Will    +....                   (no boots)
Stlth   ..........              A - amulet of guardian spirit
HPRegen 0.18/turn               e - ring of willpower
MPRegen 0.10/turn               y - +4 ring of evasion

@: lethally poisoned (0 -> -21)
A: permanent stasis, dig shafts and tunnels, antennae 3, four strong arms
a: Dig, Shaft Self


You were on level 5 of the Dungeon.
You visited 1 branch of the dungeon, and saw 6 of its levels.

You collected 143 gold pieces.

Inventory:

Hand Weapons
 a - a +0 war axe (weapon)
 C - a +2 flail of protection
Missiles
 s - 3 poisoned darts
Armour
 b - a +0 scale mail
 c - a +0 buckler (worn)
 r - a +0 plate armour (worn)
 D - a +0 ring mail of cold resistance
Jewellery
 e - a ring of willpower (left hand)
 p - a +4 ring of protection
 y - a +4 ring of evasion (right hand)
 A - an amulet of guardian spirit (around neck)
Wands
 w - a wand of roots (9)
 B - a wand of charming (6)
Scrolls
 f - a scroll of fear {unknown}
 g - a scroll of fog {unknown}
 h - 4 scrolls of identify {unknown}
 n - a scroll of vulnerability {unknown}
 o - a scroll of blinking {unknown}
 q - a scroll of amnesia {unknown}
 t - a scroll of poison {unknown}
 u - a scroll of magic mapping {unknown}
 E - a scroll of brand weapon {unknown}
Potions
 d - a potion of might
 i - 2 potions of curing {unknown}
 j - a potion of lignification {unknown}
 k - 2 potions of heal wounds {unknown}
 l - 3 potions of flight {unknown}
 m - a potion of attraction {unknown}
 v - a potion of haste {unknown}
 x - a potion of magic {unknown}
 z - a potion of degeneration {unknown}


   Skills:
 + Level 4.4 Fighting
 + Level 3.3 Axes
 + Level 4.5 Armour
 + Level 5.4 Shields
 + Level 2.2 Translocations
 + Level 2.8 Evocations


You had 6 spell levels left.
You didn't know any spells.
Your spell library contained the following spells:

 Spells                   Type           Power      Damage    Failure   Level
 Ozocubu's Armour         Ice            0%         N/A       100%        3
 Ozocubu's Refrigeration  Ice            0%         4d7       100%        7


Dungeon Overview and Level Annotations

Branches:
Dungeon (6/15)
 Temple: D:4-7

Altars:
Ashenzari
The Shining One


Innate Abilities, Weirdness & Mutations

You cannot be hasted, slowed, berserked, paralysed or teleported.
You can dig through walls and to a lower floor.
You have a pair of large antennae on your head. (SInv)
Your four strong arms can wield two-handed weapons with a shield.


Message History

The orc wizard flickers and vanishes for a moment.
You barely miss the orc wizard.
The orc wizard is almost dead.
You slash the orc!
You kill the orc!
You feel very sick.
The orc wizard hits you but does no damage.
You are more poisoned.
You hit the orc wizard but do no damage.
The orc wizard is almost dead.
You feel extremely sick. The orc wizard closely misses you.
Unknown command.
You are too injured to fight recklessly!
Unknown command.
You are too injured to fight recklessly!
Unknown command.
You are too injured to fight recklessly!
Unknown command.
You are too injured to fight recklessly!
Unknown command.
You hit the orc wizard but do no damage.
The orc wizard is almost dead.
You feel very sick.
The orc wizard hits you with a +0 dagger of venom.
* * * LOW HITPOINT WARNING * * *
You are lethally poisoned!
You block the orc wizard's attack.
You closely miss the orc wizard.
The orc wizard is almost dead.
* * * LOW HITPOINT WARNING * * *
You feel very sick.
* * * LOW HITPOINT WARNING * * *
You feel very sick.
The orc wizard hits you with a +0 dagger of venom.
* * * LOW HITPOINT WARNING * * *
You are more poisoned.
You closely miss the orc wizard.
The orc wizard is almost dead.
You die...

# #. .##
{..
##.#######
#........#
#..@o....#
#........#
#...)>..##
#.......#
#.......#
#.......#
#######..
#.. #..


You could see an orc wizard (invisible).

Vanquished Creatures
  Edmund (D:6)
  A crimson imp (D:4)
  A hound (D:5)
  A jelly (D:6)
  Natasha (thrice) (D:2)
  3 gnolls (D:3)
  2 adders (D:4)
  An ufetubus (D:4)
  A worm (D:2)
  A dart slug (D:2)
  12 orcs
  2 endoplasms
  2 giant cockroaches (D:2)
  7 goblins
  7 hobgoblins
  8 jackals
  6 quokkas
  A ball python (D:2)
  3 bats
  2 goblin skeletons (D:4)
  A goblin zombie (D:4)
  3 hobgoblin zombies (D:4)
  A kobold skeleton (D:4)
  An orc skeleton (D:4)
  An orc zombie (D:4)
  4 rats
76 creatures vanquished.

Notes
Turn   | Place    | Note
-------+----------+-------------------------------------------
     0 | D:1      | Descartes the Formicid Fighter began the quest for the Orb.
     0 | D:1      | Reached XP level 1. HP: 18/18 MP: 1/1
   121 | D:1      | Reached XP level 2. HP: 20/24 MP: 2/2
   464 | D:1      | Reached XP level 3. HP: 26/29 MP: 3/3
   514 | D:1      | Reached skill level 1 in Evocations
   729 | D:2      | Found a faded altar of an unknown god.
  1369 | D:2      | Noticed Natasha
  1378 | D:2      | Killed Natasha
  1379 | D:2      | Reached skill level 1 in Translocations
  1379 | D:2      | Reached XP level 4. HP: 30/37 MP: 4/4
  1573 | D:2      | Noticed Natasha
  1584 | D:2      | Killed Natasha
  1744 | D:2      | Noticed Natasha
  1750 | D:2      | Killed Natasha
  1751 | D:2      | Reached XP level 5. HP: 29/42 MP: 5/5
  2526 | D:3      | Found a broken altar of Ashenzari.
  2829 | D:4      | Found a glowing golden altar of the Shining One.
  2845 | D:4      | Reached XP level 6. HP: 48/48 MP: 6/6
  2919 | D:4      | Reached skill level 5 in Shields
  3448 | D:4      | You fall into a shaft and drop 2 floors!
  3452 | D:5      | Entered Level 5 of the Dungeon
  3452 | D:5      | Noticed Edmund
  3473 | D:6      | Killed Edmund
  3540 | D:6      | Reached XP level 7. HP: 19/55 MP: 4/7
  3761 | D:5      | Succumbed to an orc wizard's poison

Illustrated notes

Levels and vault maps discovered:
D:1:      saegor_arrival_simple_e, layout_rooms
D:2:      layout_basic, shapermc_ecumenical_altar_pompeii, uniq_natasha
D:3:      layout_basic, nicolae_ashenzari_skybound,
          nicolae_concentric_dashed_squares_mild
D:4:      layout_layer_cave, nicolae_tso_besieged_by_evil, serial_shops,
          kennysheep_mini_moat
D:5:      layout_rooms, makhleb_heckhound_becter, minmay_temple_entry_trees,
          serial_park_tiny_2, kennysheep_doodads, uniq_edmund
D:6:      layout_cave_pools, serial_bayou_pond_a

Skill      XL: |  1  2  3  4  5  6 |
---------------+-------------------+-----
Evocations     | 1 2 |  2.8
Translocations | 1 2 |  2.2
Fighting       | 4 |  4.4
Armour         | 4 |  4.5
Axes           | 3 |  3.3
Shields        | 5 |  5.4

Action                   |  1- 3 |  4- 6 |  7- 9 || total
-------------------------+-------+-------+-------++-------
Melee: War axe           |    85 |   112 |    14 ||   211
Armor: Scale mail        |    32 |       |       ||    32
       Plate armour      |    25 |    84 |     8 ||   117
Dodge: Dodged            |    24 |    51 |     6 ||    81
Block: Buckler           |    24 |    31 |     7 ||    62
